 Dungeon Crawl Stone Soup version 0.31-a0-198-g2ad674f65e (webtiles) character file.

Game seed: 5729553774704099327

116 qw the Skirmisher (level 4, -1/25 HPs)
             Began as a Deep Elf Hunter on June 25, 2023.
             Slain by a goblin
             ... wielding a +0 club
             ... led by Robin
              (4 damage)
             ... on level 3 of the Dungeon.
             The game lasted 00:00:36 (1345 turns).

qw the Skirmisher (Deep Elf Hunter)                 Turns: 1345, Time: 00:00:37

Health: -1/25      AC: 11    Str: 10    XL:     4   Next: 70%
Magic:  6/6        EV: 11    Int: 14    God:
Gold:   36         SH:  0    Dex: 18    Spells: 3/3 levels left

rFire   . . .        Y - +0 shortbow
rCold   . . .        (shield currently unavailable)
rNeg    . . .        g - +0 ring mail
rPois   .            (no helmet)
rElec   .            k - +0 cloak
rCorr   .            l - +1 pair of gloves
SInv    .            i - +2 pair of boots
Will    .....        (no amulet)
Stlth   +            (no ring)
HPRegen 0.24/turn    (no ring)
MPRegen 0.10/turn

%: no passive effects
@: no status effects
A: no striking features
a: no special abilities


You were on level 3 of the Dungeon.
You visited 1 branch of the dungeon, and saw 3 of its levels.

You collected 126 gold pieces.
You spent 90 gold pieces at shops.


   Skills:
 - Level 1.5 Fighting
 - Level 8.0 Ranged Weapons
 + Level 0.5 Armour
 - Level 2.4 Dodging
 - Level 1.2 Stealth


You had 3 spell levels left.
You didn't know any spells.
Your spell library was empty.

Inventory:

Hand Weapons
 Y - a +0 shortbow (weapon)
Armour
 g - a +0 ring mail (worn)
 i - a +2 pair of boots (worn)
 k - a +0 cloak (worn)
 l - a +1 pair of gloves (worn)
Potions
 d - a potion of enlightenment
 e - 2 potions of might
 f - a potion of curing {unknown}
 h - a potion of heal wounds {unknown}
 j - a potion of lignification {unknown}
 o - a potion of magic {unknown}

Dungeon Overview and Level Annotations

Branches:
Dungeon (3/15)

Altars:

Shops:
D:2 :*::[


Message History

You shoot an arrow.
The arrow hits the hobgoblin but does no damage.
The goblin no longer looks unusually strong.
The goblin hits you with a +0 club. The goblin hits you but does no damage.
The hobgoblin hits you but does no damage.
Robin roars a battlecry!
The goblin goes into a battle-frenzy!
You shoot an arrow. The arrow hits the hobgoblin.
You kill the hobgoblin!
The goblin barely misses you. The goblin hits you with a +0 club.
The goblin hits you but does no damage. The goblin completely misses you.
Your Ranged Weapons skill increases to level 8!
You shoot an arrow. The arrow barely misses Robin.
Robin hits you with a +0 dagger. The goblin hits you with a +0 club.
The goblin hits you but does no damage.
You shoot an arrow. The arrow hits Robin.
Robin is moderately wounded.
Robin closely misses you. The goblin hits you with a +0 club.
The goblin closely misses you.
You shoot an arrow.
The arrow hits Robin but does no damage.
Robin is moderately wounded.
You float gracefully downwards.
The goblin misses you. The goblin hits you but does no damage.
Robin closely misses you.
You shoot an arrow.
The arrow hits Robin but does no damage.
Robin is moderately wounded.
Robin throws the goblin at you! The goblin barely misses you.
The goblin misses you.
You shoot an arrow. The arrow hits Robin.
Robin is heavily wounded.
Your enlightenment fades.
The goblin barely misses you. The goblin hits you but does no damage.
Robin hits you but does no damage.
You shoot an arrow. The arrow hits Robin!
You kill Robin!
The goblin hits you but does no damage. x3; The goblin hits you with a +0 club.
You shoot an arrow. The arrow closely misses the goblin.
The goblin hits you with a +0 club.
You die...

......#....#
#...#....#
.####..<#....#
.............#
.#####.##....#
#..##....#
#.##.....#
###g##.....#
#..)@g.#####
#....#)####
#.# ##. #) ..
.> ... ..<


You could see 2 goblins.

Vanquished Creatures
  Robin (D:3)
  5 adders (D:2)
  2 worms (D:2)
  A dart slug (D:1)
  2 bats (D:1)
  3 endoplasms
  A giant cockroach (D:1)
  10 goblins
  2 hobgoblins
  13 jackals
  A quokka (D:2)
  3 ball pythons (D:1)
  2 frilled lizards
  2 kobolds
  2 rats (D:2)
50 creatures vanquished.

Notes
Turn   | Place    | Note
-------+----------+-------------------------------------------
     0 | D:1      | qw the Deep Elf Hunter began the quest for the Orb.
     0 | D:1      | Reached XP level 1. HP: 12/12 MP: 3/3
     0 | D:1      | 0 ||| qw: Version: 0.3-a-22-g0ed2b0b
     0 | D:1      | 0 ||| qw: Game counter: 5076
     0 | D:1      | 0 ||| qw: Melee chars always use a shield: true
     0 | D:1      | 0 ||| qw: God list: Okawaru
     0 | D:1      | 0 ||| qw: Allow faded altars: false
     0 | D:1      | 0 ||| qw: Do Orc after clearing Dungeon:15 true
     0 | D:1      | 0 ||| qw: Do second Lair branch before Depths: true
     0 | D:1      | 0 ||| qw: Lair rune preference: random
     0 | D:1      | 0 ||| qw: Goals: Normal
     0 | D:1      | 0 ||| PLANNING D:1-11
    50 | D:1      | Reached skill level 6 in Ranged Weapons
    50 | D:1      | Reached XP level 2. HP: 16/16 MP: 4/4
   145 | D:1      | Reached XP level 3. HP: 7/20 MP: 5/5
   440 | D:1      | 440 ||| DROPPING scroll of butterflies.
   507 | D:2      | Found Joif's Antique Armour Shop.
   517 | D:2      | Reached skill level 7 in Ranged Weapons
   560 | D:2      | 560 ||| SHOPLISTING glowing leather armour (95 gold, have
                  | 58).
   560 | D:2      | 560 ||| SHOPLISTING pair of embroidered boots (142 gold,
                  | have 58).
   560 | D:2      | 560 ||| SHOPLISTING pair of runed boots (142 gold, have
                  | 58).
   560 | D:2      | 560 ||| SHOPLISTING scale mail (76 gold, have 58).
   618 | D:2      | Found Pemudd's Book Boutique.
   652 | D:2      | Reached XP level 4. HP: 25/25 MP: 6/6
   932 | D:2      | Found Maduk's General Store.
   941 | D:2      | 941 ||| BUYING scroll of enchant armour (90 gold).
   941 | D:2      | Bought a scroll of enchant armour for 90 gold pieces
   941 | D:2      | 941 ||| SHOPLISTING scroll of enchant weapon (90 gold, have
                  | 14).
   941 | D:2      | 941 ||| SHOPLISTING scroll of teleportation (36 gold, have
                  | 14).
   944 | D:2      | Found Luut's Book Shoppe.
  1035 | D:2      | Found Qasaneh's Book Boutique.
  1252 | D:2      | 1252 ||| UPGRADING to +0 ring mail.
  1262 | D:2      | 1262 ||| DROPPING +0 leather armour.
  1263 | D:2      | 1263 ||| UPGRADING to +2 pair of boots.
  1268 | D:2      | 1268 ||| UPGRADING to +0 cloak.
  1273 | D:2      | 1273 ||| UPGRADING to +0 pair of gloves.
  1278 | D:2      | 1278 ||| READING scroll of enchant armour.
  1278 | D:2      | 1278 ||| ENCHANTING +0 pair of gloves.
  1279 | D:2      | 1279 ||| READING scroll labelled LOGASI BANOHE.
  1280 | D:2      | 1280 ||| READING scroll labelled OSTRAU JAXTEOLI.
  1283 | D:2      | 1283 ||| DRINKING 2 viscous inky potions.
  1284 | D:2      | 1284 ||| DRINKING 3 smoky brown potions.
  1318 | D:3      | Noticed Robin
  1319 | D:3      | 1319 ||| Stepping ~*~*~tactically~*~*~ (outnumbered).
  1339 | D:3      | Reached skill level 8 in Ranged Weapons
  1340 | D:3      | HP: 2/25 [goblin/+0 club[Robin] (6)]
  1344 | D:3      | Killed Robin
  1345 | D:3      | Slain by a goblin

Levels and vault maps discovered:
D:1:      enne_arrival_octagon_isle, layout_rooms
D:2:      layout_basic, serial_shops, shop, nicolae_shop_rolling_square, shop,
          nicolae_diamond_shop, nicolae_shop_stone,
          chequers_serial_rivers_micro_b, serial_park_tiny_2
D:3:      layout_rooms, nemelex_xobeh_ov_fountains_minmay, st_stairs_5,
          kennysheep_boxes, uniq_robin, uniq_sigmund

Skill      XL: |  1  2  3  4 |
---------------+-------------+-----
Ranged Weapons | 6 7 8 |  8.0
Fighting       | |  1.5
Armour         | |  0.5
Dodging        | |  2.4
Stealth        | |  1.2

Action                     |  1- 3 |  4- 6 || total
---------------------------+-------+-------++-------
   Fire: Shortbow          |    98 |    52 ||   150
    Use: Scroll            |       |     3 ||     3
         Potion            |       |     2 ||     2
 Armour: Leather armour    |    15 |     1 ||    16
         Ring mail         |       |    25 ||    25
  Dodge: Dodged            |    55 |    35 ||    90

Table legend:
 A = Non-vault XP
 B = Vault XP
 C = Vault XP percentage of total XP
 D = Non-vault monster count
 E = Vault monster count
 F = Vault count percentage of total count
                 A         B        C        D         E       F
            +---------+---------+-------+---------+---------+-------
      Total |     137 |      30 |  18.0 |      41 |       9 |  18.0
            +---------+---------+-------+---------+---------+-------
        D:1 |      48 |       0 |   0.0 |      25 |       0 |   0.0
        D:2 |      89 |       0 |   0.0 |      16 |       0 |   0.0
        D:3 |       0 |      30 | 100.0 |       0 |       9 | 100.0
            +---------+---------+-------+---------+---------+-------
